[Event "*** SCC Grand Prix: Titled Tuesday Blitz"]
[Site "Chess.com"]
[Date "2020.10.06"]
[Round "5"]
[White "Blagorod"]
[Black "davigator"]
[Result "0-1"]
[WhiteElo "2171"]
[BlackElo "2360"]
[TimeControl "180+1"]
[EndTime "10:57:06 PDT"]
[Termination "davigator won on time"]

1. e4 c5 2. Nc3 Nc6 3. g3 g6 4.
Bg2 Bg7 5. d3 d6 6. f4 e6 7. Nf3 Nge7 8. O-O O-O 9. Be3 Nd4 10.
e5 dxe5 11. fxe5 Nec6 12. Ne4 Nxe5 13. Nxe5 Bxe5 14. Nxc5 Qb6 15. Nb3 Qd6 16. c3 Nxb3 17.
axb3 a6 18. b4 Qc7 19. Bc5 Rd8 20. Qf3 Rb8 21. Ba7 Ra8 22. Bf2 Rb8 23. d4 Bg7 24. Be3 e5 25. Bg5 Re8 26. Rae1 Be6 27. dxe5 Bxe5 28.
Bf6 Bxf6 29. Qxf6 Qd8 30. Qf4 Qb6+ 31. Kh1 Rbd8 32. Re4 Rd7 33. Qh6 f5 34. Re5 Qd6 35. Qe3 Rde7 36. Re1 Kf8 37. Qh6+ Kg8 38. Qe3 Kf7 39.
c4 Bxc4 40. Rxe7+ Rxe7 41. Qxe7+ Qxe7 42. Rxe7+ Kxe7 43. Bxb7 Kd6 44. Kg1 Ke5 45. Kf2 Kd4 46. h3 Bb5 47. g4 f4 48. Kf3 Ke5 49. h4 h6 50. g5 hxg5 51. hxg5 Kf5 52. Bc8+ Kxg5 0-1

[Event "*** SCC Grand Prix: Titled Tuesday Blitz"]
[Site "Chess.com"]
[Date "2020.10.06"]
[Round "5"]
[White "WiktoriaPOL"]
[Black "HanSchut"]
[Result "0-1"]
[WhiteElo "2040"]
[BlackElo "2235"]
[TimeControl "180+1"]
[EndTime "10:57:06 PDT"]
[Termination "HanSchut won by checkmate"]

1. c4 Nf6 2. Nc3 d5 3. cxd5 Nxd5 4. Nf3 c5 5. d4 Nc6 6. e4 Nxc3 7. bxc3 g6 8. d5 Na5 9. Bb5+ Bd7 10. Bxd7+ Qxd7 11. O-O Bg7 12. Qd3 O-O 13. Bf4 b5 14. Ne5 Qd8 15. a4 f6 16. Nf3 c4 17. Qe2 a6 18. axb5 axb5 19. Rab1 Nb3 20. Nd2 e5 21. Nxb3 cxb3 22. Be3 Ra2 23. Qxb5 Qb8 24. Qxb3 Qxb3 25.
Rxb3 Rc8 26. Rc1 Bf8 27. c4 f5 28. f3 f4 29. Bf2 Rd2 30. c5 Ra8 31. Be1 Re2 32.
Bc3 Raa2 33. Bxe5 Bxc5+ 34. Kf1 Rf2+ 35. Ke1 Rxg2 36. d6 Rg1# 0-1

[Event "*** SCC Grand Prix: Titled Tuesday Blitz"]
[Site "Chess.com"]
[Date "2020.10.06"]
[Round "5"]
[White "platy3"]
[Black "Fighter008"]
[Result "1-0"]
[WhiteElo "2809"]
[BlackElo "2622"]
[TimeControl "180+1"]
[EndTime "10:57:07 PDT"]
[Termination "platy3 won by resignation"]

1. c4 g6 2. g3 Bg7 3. Bg2 e5 4. Nc3 Nc6 5. e3 d6 6. Nge2 h5 7. h3 h4 8. g4 f5 9. gxf5 Bxf5 10. d3 Nf6 11. a3 Qd7 12. b4 O-O-O 13. Bb2 Kb8 14. Rc1 Ne7 15. Nd5 Be6 16. Nxe7 Qxe7 17. d4 exd4 18. Bxd4 Bc8 19. Nf4 c5 20. Nxg6 Qe8 21.
Bxf6 Qxg6 22. Bxd8 Qxg2 23. Qxd6+ Ka8 24. Rh2 Qe4 25. Bf6 Bxf6 26. Qxf6 Rg8 27. Kd2 Bf5 28. Qd6 Qe8 29. Kc3 Qa4 30. Kb2 Be4 31. Qe6 Re8 32.
Qd6 Rc8 33. f4 a6 34. Rd2 Rc6 35. Qf8+ Ka7 36. Rd8 cxb4 37. Ra8+ Kb6 38. axb4 Rc7 39. Qd6+ Rc6 40. Qd8+ Rc7 41. Qd4+ 1-0

[Event "*** SCC Grand Prix: Titled Tuesday Blitz"]
[Site "Chess.com"]
[Date "2020.10.06"]
[Round "5"]
[White "XDPS"]
[Black "NewBornNow"]
[Result "0-1"]
[WhiteElo "2795"]
[BlackElo "2656"]
[TimeControl "180+1"]
[EndTime "10:57:09 PDT"]
[Termination "NewBornNow won on time"]

1. e4 c5 2. Nf3 d6 3. d4 cxd4 4. Nxd4 Nf6 5. Nc3 a6 6. Be2 e5 7. Nf3 Be7 8. Bg5 Nbd7 9. O-O O-O 10. Nd2 b5 11. a4 b4 12. Na2 a5 13. c3 Rb8 14. cxb4 axb4 15. Bb5 d5 16. exd5 Nxd5 17. Bxe7 Qxe7 18. Re1 N7f6 19. Nc4 e4 20. Qd4 Bb7 21. Na5 b3 22. Nxb3 Rfd8 23. Nc3 Nb4 24. Qc5 Qxc5 25.
Nxc5 Nc2 26. Rac1 Nxe1 27. Rxe1 Ba8 28. h3 Rd4 29. g4 g5 30. b3 Rc8 31. b4 Rxb4 32. Na6 Rb2 33. Ne2 Nd5 34. Nd4 Nf4 35.
Nf5 Kf8 36. h4 Nh3+ 37. Kh2 Nxf2 38. Kg3 Rc3+ 39. Ne3 Nd1 40. hxg5 Nxe3 41. Kf4 Ng2+ 0-1

[Event "*** SCC Grand Prix: Titled Tuesday Blitz"]
[Site "Chess.com"]
[Date "2020.10.06"]
[Round "5"]
[White "sokidze"]
[Black "ORS1984"]
[Result "0-1"]
[WhiteElo "2697"]
[BlackElo "2510"]
[TimeControl "180+1"]
[EndTime "10:57:09 PDT"]
[Termination "ORS1984 won by resignation"]

1. e4 c5 2. Nf3 d6 3. d4 cxd4 4. Nxd4 Nf6 5. Nc3 Nc6 6. g3 e5 7. Nde2 Be7 8. Bg2 O-O 9. O-O a6 10. a4 Nb4 11. h3 Be6 12. Nd5 Nbxd5 13. exd5 Bf5 14. g4 Bg6 15. Ng3 Rc8 16. c3 Nd7 17. f4 exf4 18. Bxf4 Ne5 19. Bxe5 dxe5 20. Qe2 Bd6 21. Rad1 Qh4 22. Qf3 e4 23. Nxe4 Bxe4 24. Qxe4 Qg3 25. Qf3 Qh2+ 26. Kf2 Bc5+ 27. Ke2 Rce8+ 28.
Kd2 Re3 29. Rh1 Qe5 30. Qf1 Re8 31. Kc1 Ba3 32. Kb1 Bxb2 33. Re1 Rxe1+ 34. Qxe1 Qxe1+ 35. Rxe1 Rxe1+ 36. Kxb2 Re2+ 37. Kc1 Rxg2 38. d6 Kf8 0-1

[Event "*** SCC Grand Prix: Titled Tuesday Blitz"]
[Site "Chess.com"]
[Date "2020.10.06"]
[Round "5"]
[White "Iskusnyh"]
[Black "RobertoJBM"]
[Result "0-1"]
[WhiteElo "2566"]
[BlackElo "2739"]
[TimeControl "180+1"]
[EndTime "10:57:11 PDT"]
[Termination "RobertoJBM won by resignation"]

1. d4 d5 2. c4 c6 3. Nf3 Nf6 4. e3 Bf5 5. Nc3 e6 6. Nh4 Be4 7. f3 Bg6 8. Bd2 Nbd7 9. Qb3 Qc7 10. cxd5 exd5 11. O-O-O Be7 12. Nxg6 hxg6 13. e4 dxe4 14. fxe4 Nb6 15. Kb1 Rd8 16. Be3 Rxh2 17. Be2 Qg3 18. Bf3 Ng4 19. Rxh2 Nxh2 20. d5 Nxf3 21. gxf3 Qxf3 22.
Bxb6 axb6 23. Qxb6 Rd7 24. a3 Bf6 25. Rc1 Bxc3 26.
Rxc3 Qxe4+ 27. Ka1 Qxd5 28. Re3+ Kf8 29. Qb4+ Qd6 30.
Qh4 Qd1+ 31. Ka2 Qh5 32. Qf4 Qd5+ 33. Ka1 Rd8 34. Qh4 Qd1+ 35. Ka2 Kg8 36. Rh3 Qd5+ 37. Ka1 f6 38. Qh7+ Kf7 39. Rg3 Qd1+ 40. Ka2 Qh5 41.
Qxh5 gxh5 42. Rb3 Rd7 43. a4 g5 44. a5 h4 0-1

[Event "*** SCC Grand Prix: Titled Tuesday Blitz"]
[Site "Chess.com"]
[Date "2020.10.06"]
[Round "5"]
[White "KonstantinB_1983"]
[Black "ENajer77"]
[Result "1-0"]
[WhiteElo "2527"]
[BlackElo "2701"]
[TimeControl "180+1"]
[EndTime "10:57:11 PDT"]
[Termination "KonstantinB_1983 won by resignation"]

1. d4 Nf6 2. c4 e6 3. Nf3 Bb4+ 4. Bd2 c5 5. e3 Nc6 6. Be2 O-O 7. Bxb4 cxb4 8.
O-O b6 9. a3 d5 10. Nbd2 Bb7 11.
Qa4 bxa3 12. Qxa3 dxc4 13. Nxc4 Rb8 14. Rfc1 a5 15. Qd6 Nb4 16. Nfe5 Nfd5 17. Nd7 Qg5 18.
Qg3 Qxg3 19. hxg3 Ba6 20. Nxf8 Kxf8 21. Bf1 f6 22. e4 Ne7 23. Ne3 Bxf1 24. Kxf1 Rd8 25.
Rd1 Kf7 26. Rac1 Rd7 27. f3 h5 28. Ke2 Ng6 29. d5 exd5 30. Nxd5 Nxd5 31. Rxd5 Re7 32. Rb5 h4 33. Kf2 hxg3+ 34. Kxg3 Re6 35. Rc7+ Kg8 36. Rb7 Rc6 37. R5xb6 Rc2 38. Ra6 Ne5 39. Raa7 g5 40. Rg7+ 1-0

[Event "*** SCC Grand Prix: Titled Tuesday Blitz"]
[Site "Chess.com"]
[Date "2020.10.06"]
[Round "5"]
[White "IMAghasiyevKamal"]
[Black "ChessSkool"]
[Result "0-1"]
[WhiteElo "2496"]
[BlackElo "2685"]
[TimeControl "180+1"]
[EndTime "10:57:11 PDT"]
[Termination "ChessSkool won by checkmate"]

1. d4 d5 2. c4 dxc4 3. e4 e5 4. Nf3 exd4 5. Bxc4 Nc6 6. O-O Bc5 7.
Nbd2 Nge7 8. a3 Bb6 9. b4 O-O 10. Bb2 Ng6 11. h3 Nf4 12. Nb3 Qd6 13. Bc1 Nxh3+ 14. gxh3 Bxh3 15. Ng5 Bxf1 16. Qh5 Qg6 17. Qxg6 hxg6 18. Kxf1 Ne5 19. Nd2 a5 20. b5 Rae8 21. Bb3 d3 22. Bb2 Ng4 23. Nc4 Bxf2 24. Rd1 Bh4 25. Nf3 Rxe4 26. Nxh4 Nh2+ 27. Kg2 Rxh4 28. Rxd3 Ng4 29. Kg3 g5 30. Rd7 Nh6 31. Ne3 Re4 32.
Nd5 Nf5+ 33. Kf3 Ree8 34. Nxc7 Rd8 35. Rxd8 Rxd8 36. Nd5 Kh7 37. b6 Rd6 38. Ke4 Kg6 39.
Ke5 Re6# 0-1

[Event "*** SCC Grand Prix: Titled Tuesday Blitz"]
[Site "Chess.com"]
[Date "2020.10.06"]
[Round "5"]
[White "Gurvich_Vitaly"]
[Black "GMaka"]
[Result "1-0"]
[WhiteElo "2632"]
[BlackElo "2381"]
[TimeControl "180+1"]
[EndTime "10:57:11 PDT"]
[Termination "Gurvich_Vitaly won by resignation"]

1. e4 c6 2. Nf3 d5 3. d3 dxe4 4.
dxe4 Qxd1+ 5. Kxd1 Bg4 6. Be2 Nd7 7. Ne1 Bxe2+ 8. Kxe2 e5 9. f3 Bc5 10. Nd3 Bb6 11. a4 a5 12. Nd2 f6 13. Nc4 Ne7 14. Nd6+ Kd8 15. Nf7+ Kc7 16. Nxh8 Rxh8 17. Be3 Bxe3 18.
Kxe3 Nf8 19. c3 Ne6 20. Rhd1 g5 21. Nf2 h5 22. Rd2 Nc5 23. Rad1 Re8 24. b4 axb4 25.
cxb4 Nxa4 26. Rd7+ Kb6 27. Nd3 Nc8 28. Nc5 Nxc5 29.
bxc5+ Kxc5 30. Rxb7 Nd6 31. Rc1+ Nc4+ 32. Ke2 Rd8 33.
Rc2 h4 34. Rf7 Rd6 35. Rf8 Kb4 36. Rb8+ Kc5 37. Ra2 Rd4 38. h3 Rd7 39. Rc2 Rd4 40. Rf8 Rd6 41. Rf7 Kb4 42. Rc7 Kb3 43. Rc1 Rd2+ 44. Ke1 Rxg2 45. Rb7+ Ka3 46. Rxc4 Rg3 47. Rxc6 1-0

[Event "*** SCC Grand Prix: Titled Tuesday Blitz"]
[Site "Chess.com"]
[Date "2020.10.06"]
[Round "5"]
[White "beto-betun"]
[Black "SHIVACalypso"]
[Result "0-1"]
[WhiteElo "2153"]
[BlackElo "2357"]
[TimeControl "180+1"]
[EndTime "10:57:11 PDT"]
[Termination "SHIVACalypso won on time"]

1. d4 e6 2. Nf3 Nf6 3. g3 d5 4. Bg2 Be7 5. O-O O-O 6. c4 dxc4 7. Qc2 a6 8. Qxc4 b5 9. Qc2 Bb7 10. Rd1 Nbd7 11. a4 Be4 12. Qb3 Bd5 13. Qc2 Be4 14.
Qb3 b4 15. Nbd2 Bd5 16. Qc2 a5 17. b3 Nb6 18. Nc4 Rc8 19. Nxa5 Be4 20. Qd2 Qd5 21. Nc4 Nxc4 22. bxc4 Qxc4 23. Ne5 Qc2 24. Bxe4 Qxe4 25. f3 Qb7 26. Bb2 Rfd8 27. a5 c5 28. a6 Qa7 29. e3 c4 30. Qf2 c3 31. Bc1 b3 32.
Ba3 b2 33. Bxb2 cxb2 34. Qxb2 Nd5 35. Qb7 Qa8 36. Rdc1 Rxc1+ 37. Rxc1 f6 38. Nc6 Re8 39. e4 Ba3 40. Rc2 Ne3 41. Ra2 Bf8 42. Rb2 Nc4 0-1

[Event "*** SCC Grand Prix: Titled Tuesday Blitz"]
[Site "Chess.com"]
[Date "2020.10.06"]
[Round "5"]
[White "barbara25"]
[Black "anasta10"]
[Result "0-1"]
[WhiteElo "2328"]
[BlackElo "2480"]
[TimeControl "180+1"]
[EndTime "10:57:12 PDT"]
[Termination "anasta10 won by resignation"]

1. e4 e6 2. e5 d5 3. exd6 cxd6 4. d4 Nc6 5. Nf3 Nf6 6. c4 d5 7. c5 Qc7 8. Nc3 Be7 9. Bd3 O-O 10. O-O b6 11. Nb5 Qb8 12. b4 Nxb4 13. Be2 bxc5 14. dxc5 Bxc5 15. Rb1 a6 16. Nc3 Qa7 17. Na4 Bd6 18.
Be3 Qe7 19. Nd4 Bd7 20. Nb6 Rab8 21. Nxd7 Qxd7 22. a3 Nc6 23. Bxa6 Nxd4 24. Bxd4 Bxa3 25. Bxf6 gxf6 26. Qg4+ Kh8 27. Bd3 f5 28. Qh3 Bd6 29. Kh1 Be5 30. g4 Rxb1 31. Bxb1 Bf6 32. gxf5 e5 33. f3 Rg8 34. Qh6 Bg5 35. Qh5 f6 36.
Rg1 Qd8 37. h4 Be3 38. Rg4 Qb8 39. Ba2 Qa8 40. Qf7 Rxg4 41. fxg4 d4+ 42. Qd5 Qxd5+ 43. Bxd5 d3 44. Kg2 d2 45. Bb3 Bf4 46. Kf3 Kg7 47. h5 Kh6 48. Bd1 Kg5 49. Be2 Kh4 50.
Bd1 Bg5 51. Be2 Kh3 52. Bd1 Kh2 53. Ke2 Kg1 54. Bc2 Kg2 55. Bd1 Kg3 56. Kd3 Kf2 57. Bc2 Ke1 0-1

[Event "*** SCC Grand Prix: Titled Tuesday Blitz"]
[Site "Chess.com"]
[Date "2020.10.06"]
[Round "5"]
[White "SilviusTiberius"]
[Black "Chessdreamer2020"]
[Result "0-1"]
[WhiteElo "2643"]
[BlackElo "2461"]
[TimeControl "180+1"]
[EndTime "10:57:13 PDT"]
[Termination "Chessdreamer2020 won on time"]

1. e4 d6 2. d4 Nf6 3. Nc3 e5 4. Nf3 Nbd7 5. Bc4 Be7 6. O-O Nb6 7.
Be2 exd4 8. Nxd4 O-O 9. f4 Re8 10. b3 Bf8 11. Bf3 c6 12. Bb2 d5 13. e5 Nfd7 14.
Qe1 Nc5 15. Qg3 Ne6 16. Nf5 g6 17. Rad1 Nxf4 18. Qxf4 Bxf5 19. Ne4 Bxe4 20. Bxe4 Qe7 21. Bd3 Bg7 22. h4 Nd7 23. Rde1 Bxe5 24. Bxe5 Nxe5 25. h5 f5 26. hxg6 hxg6 27. Bxf5 gxf5 28. Qxf5 Qg7 29. Re3 Ng4 30. Rg3 Re4 31. Rgf3 Rae8 32.
g3 Re2 33. Rf4 Ne3 34. Qd7 Qxd7 0-1

[Event "*** SCC Grand Prix: Titled Tuesday Blitz"]
[Site "Chess.com"]
[Date "2020.10.06"]
[Round "5"]
[White "Cocaino74"]
[Black "vaishali2001"]
[Result "0-1"]
[WhiteElo "2374"]
[BlackElo "2528"]
[TimeControl "180+1"]
[EndTime "10:57:14 PDT"]
[Termination "vaishali2001 won on time"]

1. e4 e6 2. d4 d5 3. Nd2 c5 4. exd5 Qxd5 5. Ngf3 cxd4 6. Bc4 Qd6 7. O-O Nf6 8. Nb3 Nc6 9. Nfxd4 Nxd4 10. Qxd4 Qxd4 11. Nxd4 Be7 12. c3 Bd7 13. Rd1 O-O-O 14. Bg5 h6 15. Bf4 a6 16. a4 g5 17. Be5 Rhf8 18. Nc2 Ng4 19. Bd4 Bc6 20. h3 Nf6 21. b4 Bd5 22. Be2 Bb3 23. Rdc1 Bxc2 24. Rxc2 Nd5 25. b5 a5 26. Bf3 Kc7 27. Re2 b6 28. Be5+ Kc8 29. c4 Nb4 30. Bg7 Rg8 31. Bxh6 Rg6 32. Bxg5 Rxg5 33.
h4 Rg7 34. Rc1 Bc5 35. Kh2 Nd3 0-1

[Event "*** SCC Grand Prix: Titled Tuesday Blitz"]
[Site "Chess.com"]
[Date "2020.10.06"]
[Round "5"]
[White "Caterpiller35"]
[Black "AsaHoffmann"]
[Result "1-0"]
[WhiteElo "2504"]
[BlackElo "2341"]
[TimeControl "180+1"]
[EndTime "10:57:14 PDT"]
[Termination "Caterpiller35 won by resignation"]

1. d4 Nf6 2. Bg5 e6 3. e4 d6 4. Bd3 Be7 5. f4 c6 6. Nf3 d5 7.
e5 Ne4 8. Bxe7 Qxe7 9. Nbd2 Nxd2 10. Qxd2 c5 11. c3 Nc6 12. a3 g6 13. b4 cxd4 14. cxd4 Bd7 15. O-O O-O 16. b5 Nd8 17. a4 b6 18. a5 Nb7 19. axb6 axb6 20. Ra6 Rfb8 21. Rfa1 Na5 22. Rxa8 Rxa8 23. h4 Kg7 24. Rf1 Qa3 25. h5 Rc8 26. h6+ Kg8 27. f5 exf5 28. g4 Qc3 29.
Qe2 fxg4 30. Ng5 Qxd4+ 31. Kh1 Rf8 32. e6 g3 33. exd7 Qh4+ 34. Kg1 Qxg5 35. Qe8 Nc4 36. Rxf7 Qe3+ 37. Qxe3 Nxe3 38. Rxf8+ Kxf8 39. d8=Q+ Kf7 40. Qd7+ Kf6 41. Qxh7 Nf5 42. Bxf5 Kxf5 43. Qg7 d4 44. Qxd4 1-0

[Event "*** SCC Grand Prix: Titled Tuesday Blitz"]
[Site "Chess.com"]
[Date "2020.10.06"]
[Round "5"]
[White "Lion-Al-Messi"]
[Black "chito89"]
[Result "0-1"]
[WhiteElo "2534"]
[BlackElo "2815"]
[TimeControl "180+1"]
[EndTime "10:57:15 PDT"]
[Termination "chito89 won by resignation"]

1. d4 Nf6 2. Nf3 e6 3. Nc3 Bb4 4.
Bg5 h6 5. Bh4 c5 6. a3 Bxc3+ 7.
bxc3 Qa5 8. Qd3 Ne4 9. Nd2 Qxc3 10. Qxc3 Nxc3 11. dxc5 Na6 12. Bg3 Nxc5 13. Be5 N3a4 14.
Bxg7 Rg8 15. Bxh6 b6 16. h4 Bb7 17. Bg5 Rc8 18. f3 d5 19. e3 Nd7 20. Rc1 f6 21. Bh6 Kf7 22. g4 Ne5 23. Bf4 Rc3 24. Kf2 d4 25.
Be2 Ng6 26. Nb1 Nxf4 27. Nxc3 dxe3+ 28. Kxe3 Nxc3 29. Bc4 Ncd5+ 30. Kf2 Ng6 31. h5 Ne5 32. Bb3 Nf4 33. Rhd1 Ke7 34. Re1 Nxf3 35. Re3 Ne5 36. g5 Rxg5 37. h6 Ng4+ 38. Ke1 Nxe3 0-1

[Event "*** SCC Grand Prix: Titled Tuesday Blitz"]
[Site "Chess.com"]
[Date "2020.10.06"]
[Round "5"]
[White "Eliwood44"]
[Black "AliKa2810"]
[Result "0-1"]
[WhiteElo "2403"]
[BlackElo "2570"]
[TimeControl "180+1"]
[EndTime "10:57:15 PDT"]
[Termination "AliKa2810 won on time"]

1. d4 Nf6 2. Nf3 g6 3. g3 Bg7 4.
Bg2 O-O 5. O-O c5 6. c3 d6 7.
dxc5 dxc5 8. Qxd8 Rxd8 9. Be3 Na6 10. Na3 Be6 11. Nb5 Bc4 12. a4 Bxe2 13. Rfe1 Bc4 14. Ne5 Bd5 15. Rad1 Bxg2 16. Rxd8+ Rxd8 17. Kxg2 Nd5 18. Nc4 Nb6 19. Nxb6 axb6 20. Bf4 e5 21. Bg5 f6 22.
Be3 Kf7 23. f4 e4 24. f5 gxf5 25. Bf4 Bf8 26. Rf1 Kg6 27. h4 h5 28. Kh3 c4 29.
Be3 Nc5 30. Nd4 Nxa4 31. Ne6 Re8 32. Nf4+ Kf7 33. Nxh5 Nxb2 34. Rxf5 Re6 35. g4 Nd1 36. Bd4 e3 37. Nxf6 e2 38. Nh7+ Ke7 39. Nxf8 e1=Q 40. Nxe6 Qh1+ 41. Kg3 Kxe6 42. Rf6+ Kd5 43. Rf5+ Ke6 44. Rf6+ Ke7 45. Rxb6 Nxc3 46. h5 Ne2+ 0-1

[Event "*** SCC Grand Prix: Titled Tuesday Blitz"]
[Site "Chess.com"]
[Date "2020.10.06"]
[Round "5"]
[White "Sueetin"]
[Black "MPGM"]
[Result "1/2-1/2"]
[WhiteElo "2303"]
[BlackElo "2453"]
[TimeControl "180+1"]
[EndTime "10:57:15 PDT"]
[Termination "Game drawn by repetition"]

1. d4 d5 2. c4 e6 3. Nc3 a6 4. cxd5 exd5 5. Nf3 h6 6. Bf4 Nf6 7. e3 Bd6 8. Bd3 O-O 9. O-O Re8 10. Qc2 Bxf4 11.
exf4 Nc6 12. h3 Nb4 13. Qb1 Ne4 14. g4 Nxd3 15. Qxd3 h5 16. f5 Qd6 17. Ne5 Nxc3 18. bxc3 f6 19. Ng6 Re4 20. f3 Qg3+ 21. Kh1 Qxh3+ 22. Kg1 Rxg4+ 23. Kf2 Re4 24. Rh1 Qxf5 25. Rag1 Re8 26. Qxf5 Bxf5 27. Nf4 c6 28. Nxh5 Re7 29. Nxf6+ Kf7 30. Ng4 Bxg4 31. Rxg4 Rae8 32. Rf4+ Kg8 33. Rh5 Re2+ 34. Kg3 Rxa2 35. Rhf5 Re7 36. Rf8+ Kh7 37. Rh4+ Kg6 38. Rg4+ Kh7 39. Rh4+ Kg6 40. Rg4+ Kh7 41. Rh4+ 1/2-1/2

[Event "*** SCC Grand Prix: Titled Tuesday Blitz"]
[Site "Chess.com"]
[Date "2020.10.06"]
[Round "5"]
[White "vovachesss"]
[Black "SergeyKarjakin"]
[Result "0-1"]
[WhiteElo "2671"]
[BlackElo "2936"]
[TimeControl "180+1"]
[EndTime "10:57:16 PDT"]
[Termination "SergeyKarjakin won by resignation"]

1. Nf3 d5 2. d4 Nf6 3. Bf4 c5 4. e3 e6 5. Nbd2 Be7 6. c3 O-O 7. Bd3 b6 8. O-O Ba6 9. Qe2 Bxd3 10. Qxd3 Nc6 11. Ne5 Rc8 12. Nxc6 Rxc6 13. Nf3 Qa8 14. Ne5 Rcc8 15. f3 Qb7 16. a4 Rfd8 17. g4 Ne8 18. g5 Nd6 19. Kh1 Nc4 20. Nxc4 dxc4 21. Qe2 cxd4 22. exd4 Rd5 23. h4 Qd7 24. Be5 Ra5 25.
Qc2 Qd5 26. Kh2 Bd6 27. Rae1 Qc6 28. f4 Rd8 29. Re2 Qxa4 30. Qd2 Qc6 31. Qe3 Rb5 32. Qg3 a5 33. f5 Bxe5 34. dxe5 exf5 35. Rxf5 Rd1 36. Rg2 Rxb2 37. Rff2 Rbb1 38. Qf4 Qe6 39. Kg3 g6 40. Rd2 a4 41. h5 gxh5 42. g6 hxg6 43. Rd6 Rxd6 44. exd6 Rd1 45. Rf2 Qxd6 46. Kh4 Qxf4+ 0-1

[Event "*** SCC Grand Prix: Titled Tuesday Blitz"]
[Site "Chess.com"]
[Date "2020.10.06"]
[Round "5"]
[White "KarstenHansch"]
[Black "JonahWillow"]
[Result "1-0"]
[WhiteElo "2503"]
[BlackElo "2695"]
[TimeControl "180+1"]
[EndTime "10:57:16 PDT"]
[Termination "KarstenHansch won by resignation"]

1. e4 c5 2. Nf3 Nc6 3. Bb5 g6 4. O-O Bg7 5. c3 Nf6 6. Re1 O-O 7. d4 d5 8. exd5 Qxd5 9. Bxc6 bxc6 10. Rxe7 Bg4 11.
Re5 Bxf3 12. gxf3 Qd7 13. Rxc5 Nd5 14. Nd2 Qh3 15. Nf1 f5 16. Rxc6 f4 17. Rc5 Rf5 18. Rxd5 Rxd5 19. Bxf4 Rf8 20. Bg3 h5 21. Ne3 Rg5 22.
Qf1 Qd7 23. h4 Ra5 24. Qd3 Kh7 25. Kg2 Qf7 26. Qe4 Bh6 27. a3 Re8 28. Qd3 Qb7 29.
Nc4 Qb5 30. a4 Rxa4 31. Rxa4 Qxa4 32. Ne5 Rg8 33. Qe4 Qe8 34. Qb7+ Rg7 35. Qa6 Qe7 36. d5 g5 37. d6 Qd8 38. Qd3+ Kg8 39. Qd5+ Kh7 40.
Qe4+ Kg8 41. Qd5+ Kh7 42. Nf7 Qf6 43. Nxg5+ Bxg5 44. hxg5 Rxg5 45. Qd3+ Kh8 46. d7 Qd8 47. Qd4+ Kh7 48. Qe4+ Kg8 49. Qe8+ 1-0

[Event "*** SCC Grand Prix: Titled Tuesday Blitz"]
[Site "Chess.com"]
[Date "2020.10.06"]
[Round "5"]
[White "Snegokhod"]
[Black "vladimirdamjanovic"]
[Result "0-1"]
[WhiteElo "2391"]
[BlackElo "2553"]
[TimeControl "180+1"]
[EndTime "10:57:16 PDT"]
[Termination "vladimirdamjanovic won by resignation"]

1. e4 c5 2. Nf3 d6 3. d4 cxd4 4. Qxd4 a6 5. Be3 Nc6 6. Qb6 Qxb6 7. Bxb6 Nf6 8. Nc3 Bg4 9. Be2 Nd7 10. Nd5 Nxb6 11.
Nxb6 Rd8 12. c3 Bxf3 13. Bxf3 e6 14. O-O-O Be7 15. Kc2 Ne5 16. Be2 Nd7 17. Nc4 Nf6 18. f3 d5 19. exd5 Nxd5 20. Rd3 Rc8 21. Kb3 b5 22. Ne3 Nf4 23. Rd2 Bc5 24. Nc2 Ke7 25. g3 Nxe2 26. Rxe2 a5 27. a3 Rhd8 28. Rhe1 Rd3 29. f4 g6 30. Ne3 a4+ 31. Kc2 Rxe3 32. Rxe3 Bxe3 33. Rxe3 Rc5 34. Re4 Kd6 35. Kd3 Rd5+ 36.
Rd4 Kc5 37. g4 h5 38. g5 h4 39. h3 Rxd4+ 40. cxd4+ Kd5 41. Kc3 Ke4 42. Kb4 Kxf4 43. Kxb5 Kxg5 44. Kxa4 f5 45. Kb3 f4 46. Kc3 f3 47. Kd2 Kf4 48. Ke1 Kg3 49. Kf1 g5 50. b4 g4 51. b5 gxh3 52. Kg1 h2+ 53. Kh1 f2 0-1

[Event "*** SCC Grand Prix: Titled Tuesday Blitz"]
[Site "Chess.com"]
[Date "2020.10.06"]
[Round "5"]
[White "StiffMaster1"]
[Black "Alexander_Kachko"]
[Result "0-1"]
[WhiteElo "2521"]
[BlackElo "2738"]
[TimeControl "180+1"]
[EndTime "10:57:17 PDT"]
[Termination "Alexander_Kachko won on time"]

1. g3 Nc6 2. Bg2 e5 3. c4 g6 4. Nc3 Bg7 5. Nf3 d6 6. Rb1 Bf5 7. d3 Qd7 8. b4 Bh3 9. Bxh3 Qxh3 10. Nd5 Qd7 11. b5 Nd8 12. a4 c6 13. bxc6 bxc6 14.
Nc3 Ne7 15. Ba3 O-O 16. O-O f5 17. Qc2 Ne6 18. Rb3 g5 19. Rfb1 Rac8 20. Rb7 Rc7 21. Qb3 g4 22. Rxc7 Qxc7 23. Nd2 c5 24. Qb7 Rc8 25.
Nd5 Nxd5 26. Qxd5 Qd7 27. Rb7 Qe8 28. Rxa7 Kh8 29. Qxd6 Nd4 30. e3 Nc2 31. Bxc5 Qh5 32. Qd7 Rg8 33. Nf1 Ne1 34. Bb4 Nf3+ 35. Kh1 Qh3 36.
Qxg7+ Rxg7 37. Ra8+ Rg8 0-1

[Event "*** SCC Grand Prix: Titled Tuesday Blitz"]
[Site "Chess.com"]
[Date "2020.10.06"]
[Round "5"]
[White "dretch"]
[Black "The_Machine04"]
[Result "1-0"]
[WhiteElo "2846"]
[BlackElo "2324"]
[TimeControl "180+1"]
[EndTime "10:57:17 PDT"]
[Termination "dretch won on time"]

1. d4 d6 2. Nf3 Nf6 3. c4 g6 4. Nc3 Bf5 5. d5 e5 6. dxe6 Bxe6 7. e4 Bg7 8. Nd4 Nc6 9. Nxe6 fxe6 10. Bg5 O-O 11.
Qd2 Qe8 12. Be2 Nd7 13. h4 Nd4 14. Nb5 Nxb5 15. cxb5 Nc5 16. f3 Na4 17. Rb1 a6 18.
bxa6 bxa6 19. O-O Rb8 20. Bxa6 Rxb2 21. Rxb2 Nxb2 22. Rc1 Qa4 23. Bf1 Qd4+ 24. Kh2 c5 25. Rc2 Be5+ 26. Kh1 Qxd2 27. Bxd2 Ra8 28. f4 Bd4 29.
Bc1 Rxa2 30. Bc4 Ra1 31. Bxe6+ Kf8 32. Kh2 Nd3 33. Bd2 Rf1 34. f5 Ke7 35. Bg5+ Bf6 36. Ra2 gxf5 37. exf5 Bxg5 38. hxg5 Nf4 39. Ra7+ Ke8 40.
Bc4 d5 41. Bxf1 1-0

[Event "*** SCC Grand Prix: Titled Tuesday Blitz"]
[Site "Chess.com"]
[Date "2020.10.06"]
[Round "5"]
[White "Manukyan_Artak"]
[Black "besarquis"]
[Result "0-1"]
[WhiteElo "2301"]
[BlackElo "2176"]
[TimeControl "180+1"]
[EndTime "10:57:17 PDT"]
[Termination "besarquis won by resignation"]

1. e3 e5 2. c4 Nf6 3. g3 d5 4.
Bg2 c6 5. d4 exd4 6. exd4 Bb4+ 7. Nc3 O-O 8. Ne2 dxc4 9. O-O Bg4 10. f3 Bf5 11. Be3 Bd3 12. Re1 Na6 13. Nf4 Bf5 14. g4 Bg6 15. h4 h5 16. Nxg6 fxg6 17. g5 Nd5 18. Qd2 Nac7 19. Bf2 Nf4 20. Bf1 b5 21. a3 Ba5 22. Qc2 Qd7 23. Kh2 Rf7 24. Bg3 Kh7 25. Re4 Raf8 26. Rae1 Ncd5 27. Re5 Bc7 28. Nxd5 Nxd5 29.
Re6 Bxg3+ 30. Kxg3 Rxf3+ 31. Kg2 Nf4+ 32. Kxf3 Nxe6+ 33. Kg2 Nxd4 34. Qe4 c5 35. Kg1 Nf3+ 36. Kh1 Nxe1 37.
Qxe1 Qf5 38. Bg2 Qf4 39. Kg1 Rf7 40. Qe6 Qf5 41. Qc6 Qf2+ 42. Kh1 Qxh4+ 43. Kg1 Qd4+ 44.
Kh1 Rf4 45. Qxb5 Rh4+ 0-1

[Event "*** SCC Grand Prix: Titled Tuesday Blitz"]
[Site "Chess.com"]
[Date "2020.10.06"]
[Round "5"]
[White "Mazetovic"]
[Black "Supernotar"]
[Result "0-1"]
[WhiteElo "2617"]
[BlackElo "2802"]
[TimeControl "180+1"]
[EndTime "10:57:18 PDT"]
[Termination "Supernotar won by resignation"]

1. e4 c6 2. Nc3 d5 3. Nf3 Bg4 4. h3 Bxf3 5. Qxf3 e6 6. d4 dxe4 7. Qe3 Nf6 8. Nxe4 Nxe4 9. Qxe4 Nd7 10. c3 Nf6 11. Qf3 Be7 12. Bd3 O-O 13. O-O Nd5 14. Qe4 g6 15. Bh6 Re8 16. Rad1 Bg5 17. Bxg5 Qxg5 18.
Rfe1 Rad8 19. g3 Rd7 20. h4 Qf6 21. Qe5 Qxe5 22. Rxe5 b5 23. Rde1 Red8 24. h5 Kg7 25.
Kg2 a6 26. Bc2 Rd6 27. Rh1 b4 28. h6+ Kf6 29. c4 Ne7 30. Ra5 Rxd4 31. b3 Rd2 32. Be4 R8d4 33. Re1 Rb2 34. g4 g5 35. Re3 Ng6 36. Bxg6 Kxg6 37. Kg3 Rdd2 38. Rf3 Rxa2 39. Rc5 Rd6 40. Re3 a5 41. Ree5 f6 42. Re3 Kxh6 43.
f4 gxf4+ 44. Kxf4 Kg6 45. Rh3 Rd4+ 46. Ke3 Rad2 47. Rch5 R2d3+ 48. Ke2 Rxh3 49. Rxh3 Rxg4 0-1